 Dungeon Sprint DCSS version 0.22-a0-388-g09e6169 (webtiles) character file.

3383 Kidiri the Eclecticist (level 9, -5/52 HPs)
             Began as a Deep Elf Fire Elementalist on Apr 30, 2018.
             Was the Champion of Vehumet.
             Slain by a rime drake (7 damage)
             ... in the Dungeon (Sprint IX: "|||||||||||||||||||||||||||||").
             The game lasted 00:05:42 (964 turns).

Kidiri the Eclecticist (Deep Elf Fire Elementalist)  Turns: 964, Time: 00:05:43

Health: -5/52      AC:  3    Str:  5    XL:     9   Next: 74%
Magic:  21/32      EV: 19    Int: 24    God:    Vehumet [******]
Gold:   20         SH:  0    Dex: 18    Spells: 25/43 levels left

rFire    . . .     SeeInvis .   m - +2 rapier (venom)
rCold    . . .     Gourm    .   (no shield)
rNeg     . . .     Faith    .   a - +0 robe
rPois    .         Spirit   .   (no helmet)
rElec    .         Reflect  .   (no cloak)
rCorr    .         Harm     .   j - +0 pair of gloves
MR       .....     NoTele   +   (no boots)
Stlth    ++........             (no amulet)
HPRegen  0.17/turn              o - +3 ring of dexterity
MPRegen  0.23/turn              p - +2 ring of evasion

@: no status effects
A: no striking features
a: Renounce Religion


You were in the Dungeon.
You worshipped Vehumet.
Vehumet was exalted by your worship.
You were not hungry.

You visited 1 branch You collected 20 gold pieces.

Inventory:

Hand Weapons
 m - a +2 rapier of venom (weapon)
Armour
 a - a +0 robe (worn)
 j - a +0 pair of gloves (worn)
 n - a +1 scale mail
Jewellery
 o - a +3 ring of dexterity (left hand)
 p - a +2 ring of evasion (right hand)
Wands
 l - a wand of acid (10)
Scrolls
 h - 3 scrolls of remove curse
 i - 2 scrolls of blinking
 k - 2 scrolls of amnesia
 r - a scroll of fear
 s - 2 scrolls of enchant weapon
 t - 2 scrolls of enchant armour
 u - a scroll of fog
Potions
 b - a potion of brilliance
 d - a potion of invisibility
 e - 2 potions of might
 f - 5 potions of curing
 g - 4 potions of magic
 q - a potion of heal wounds
Comestibles
 c - a ration
 v - 17 chunks of flesh


   Skills:
 + Level 4.0 Fighting
 + Level 5.0 Short Blades
 + Level 4.0 Armour
 + Level 6.4 Dodging
 - Level 2.4 Stealth
 * Level 17.6 Spellcasting
 + Level 11.2 Conjurations
 + Level 11.5 Fire Magic


You had 25 spell levels left.
You knew the following spells:

 Your Spells              Type           Power        Failure   Level  Hunger
a - Flame Tongue          Conj/Fire      #####        0%          1    None
b - Throw Flame           Conj/Fire      ######       1%          2    None
c - Conjure Flame         Conj/Fire      ######..     1%          3    None
d - Inner Flame           Hex/Fire       #####...     1%          3    None
e - Sticky Flame          Conj/Fire      ######..     1%          4    None
f - Fireball              Conj/Fire      ######....   1%          5    None


Dungeon Overview and Level Annotations

Branches:
Dungeon (1/1)

Altars:
Cheibriados
Dithmenos
Elyvilon
Fedhas
Gozag
Hepliaklqana
Kikubaaqudgha
Makhleb
Nemelex Xobeh
Okawaru
Qazlal
Ru
Sif Muna
Trog
Uskayaw
Vehumet
Wu Jian
Xom
Yredelemnul
Zin
The Shining One
Beogh
Jiyva
Lugonu


Message History

The flame tongue hits the rime drake.
The rime drake is lightly wounded.
Casting: Flame Tongue (safe; 0% risk of failure)
Confirm with . or Enter, or press ? or * to list all spells.
Aiming: Flame Tongue (safe; 0% risk of failure)
Press: ? - help, Shift-Dir - straight line, f/p - rime drake
Aim: a rime drake (lightly wounded, catching its breath)
The flame tongue hits the rime drake.
The rime drake is moderately wounded.
The ice encasing you melts away.
Casting: Flame Tongue (safe; 0% risk of failure)
Confirm with . or Enter, or press ? or * to list all spells.
Aiming: Sticky Flame (safe; 1% risk of failure)
Press: ? - help, Shift-Dir - straight line, f/p - rime drake
Aim: a rime drake (moderately wounded, catching its breath)
The sticky flame hits the rime drake.
The rime drake is heavily wounded.
The rime drake is covered in liquid flames!
The rime drake burns!
The rime drake bites you!
You die...

▓_▓.▓'▓
▓_▓.▓†▓
▓_▓.▓†▓
▓_▓.▓.▓
▓_▓.▓.▓
▓_▓.▓.▓
▓_▓.▓†▓
▓_▓.▓k▓
▓_▓.▓@▓
▓_▓.▓%▓
▓_▓.▓'▓
▓_▓.▓.▓
▓_▓.▓.▓
▓_▓.▓.▓
▓_▓.▓.▓
▓'▓.▓.▓
▓.▓.▓.▓


You could see a rime drake (burning).

Vanquished Creatures
  2 spiny frogs (D)
  A komodo dragon (D)
  A troll (D)
  2 blink frogs (D)
  A slime creature (D)
  2 wyverns (D)
  3 water moccasins (D)
  4 porcupines (D)
  An orc warrior (D)
  A black bear (D)
  A centaur (D)
  A big kobold (D)
  A crocodile (D)
  4 bullfrogs (D)
  2 crimson imps (D)
  An orc wizard (D)
  A leopard gecko (D)
  2 orcs (D)
  A bat skeleton (D)
  2 goblins (D)
  A jackal (D)
  A kobold (D)
  A ball python skeleton (D)
  A bat (D)
  A frilled lizard (D)
39 creatures vanquished.

Vanquished Creatures (others)
  A spatial maelstrom (D)
1 creature vanquished.

Grand Total: 40 creatures vanquished

Notes
Turn   | Place    | Note
-------+----------+-------------------------------------------
     0 | D        | Kidiri the Deep Elf Fire Elementalist began the quest for the Orb.
     0 | D        | Reached XP level 1. HP: 10/10 MP: 6/6
     2 | D        | Banished a spatial maelstrom
     5 | D        | Reached skill level 4 in Spellcasting
   104 | D        | Noticed a crimson imp
   104 | D        | Noticed a crimson imp
   126 | D        | Killed a crimson imp
   126 | D        | Reached skill level 6 in Spellcasting
   126 | D        | Reached XP level 2. HP: 15/15 MP: 8/11
   126 | D        | Reached XP level 3. HP: 19/19 MP: 9/13
   134 | D        | Reached skill level 7 in Spellcasting
   201 | D        | Found a roughly hewn altar of Beogh.
   201 | D        | Found a snail-covered altar of Cheibriados.
   201 | D        | Found a shadowy altar of Dithmenos.
   201 | D        | Found a white marble altar of Elyvilon.
   201 | D        | Found a blossoming altar of Fedhas.
   201 | D        | Found an opulent altar of Gozag.
   202 | D        | Found a hazy altar of Hepliaklqana.
   203 | D        | Found a viscous altar of Jiyva.
   204 | D        | Found an ancient bone altar of Kikubaaqudgha.
   205 | D        | Found a corrupted altar of Lugonu.
   206 | D        | Found a burning altar of Makhleb.
   207 | D        | Found a sparkling altar of Nemelex Xobeh.
   208 | D        | Found an iron altar of Okawaru.
   209 | D        | Found a stormy altar of Qazlal.
   210 | D        | Found a sacrificial altar of Ru.
   211 | D        | Found a deep blue altar of Sif Muna.
   212 | D        | Found a bloodstained altar of Trog.
   213 | D        | Found a hide-covered altar of Uskayaw.
   214 | D        | Found a radiant altar of Vehumet.
   215 | D        | Found an ornate altar of the Wu Jian Council.
   216 | D        | Found a shimmering altar of Xom.
   217 | D        | Found a basalt altar of Yredelemnul.
   218 | D        | Found a glowing silver altar of Zin.
   219 | D        | Found a glowing golden altar of the Shining One.
   222 | D        | Became a worshipper of Vehumet
   299 | D        | Reached skill level 8 in Spellcasting
   299 | D        | Reached skill level 5 in Fire Magic
   299 | D        | Reached XP level 4. HP: 18/24 MP: 14/16
   303 | D        | Learned a level 2 spell: Throw Flame
   307 | D        | Learned a level 3 spell: Conjure Flame
   311 | D        | Learned a level 3 spell: Inner Flame
   316 | D        | Learned a level 4 spell: Sticky Flame
   367 | D        | Noticed a big kobold
   367 | D        | Noticed a water moccasin
   373 | D        | Killed a water moccasin
   373 | D        | Reached * piety under Vehumet
   373 | D        | Offered knowledge of Freeze by Vehumet.
   373 | D        | Reached skill level 10 in Spellcasting
   373 | D        | Reached XP level 5. HP: 14/28 MP: 8/20
   382 | D        | Reached skill level 11 in Spellcasting
   408 | D        | Reached ** piety under Vehumet
   408 | D        | Reached XP level 6. HP: 31/32 MP: 5/22
   498 | D        | Learned a level 5 spell: Fireball
   498 | D        | Noticed an orc warrior
   498 | D        | Noticed a wyvern
   498 | D        | Noticed a slime creature
   498 | D        | Noticed a troll
   505 | D        | Offered knowledge of Throw Frost by Vehumet.
   505 | D        | Reached skill level 12 in Spellcasting
   509 | D        | Killed a troll
   509 | D        | Reached skill level 13 in Spellcasting
   509 | D        | Reached *** piety under Vehumet
   509 | D        | Reached skill level 14 in Spellcasting
   509 | D        | Reached XP level 7. HP: 19/36 MP: 14/26
   514 | D        | Killed a slime creature
   514 | D        | Reached skill level 15 in Spellcasting
   518 | D        | Killed a wyvern
   518 | D        | Reached skill level 10 in Fire Magic
   521 | D        | Reached XP level 8. HP: 38/41 MP: 3/29
   757 | D        | Noticed a komodo dragon
   757 | D        | Noticed a spiny frog
   762 | D        | Offered knowledge of Dazzling Spray by Vehumet.
   762 | D        | Reached **** piety under Vehumet
   764 | D        | Killed a spiny frog
   764 | D        | Reached skill level 1 in Fighting
   764 | D        | Reached skill level 1 in Armour
   764 | D        | Reached skill level 16 in Spellcasting
   764 | D        | Reached skill level 10 in Conjurations
   774 | D        | Killed a komodo dragon
   777 | D        | Reached ***** piety under Vehumet
   777 | D        | Reached XP level 9. HP: 49/49 MP: 17/31
   785 | D        | Reached skill level 5 in Dodging
   877 | D        | Noticed a spiny frog
   881 | D        | Reached skill level 17 in Spellcasting
   907 | D        | Killed a spiny frog
   915 | D        | Reached ****** piety under Vehumet
   958 | D        | Noticed a rime drake
   961 | D        | Offered knowledge of Olgreb's Toxic Radiance by Vehumet.
   961 | D        | Reached skill level 5 in Short Blades
   961 | D        | HP: 2/52 [rime drake/flash freeze (30)]
   964 | D        | Slain by a rime drake

Vault maps used:
D:        linesprint

Skill      XL: |  1  2  3  4  5  6  7  8  9 |
---------------+----------------------------+-----
Spellcasting   | 6 8 10 11 14 15 16 17 | 17.6
Conjurations   | 3 4 6 7 8 9 10 11 | 11.2
Fire Magic     | 4 5 6 7 9 10 11 | 11.5
Fighting       | 2 4 |  4.0
Short Blades   | 3 5 |  5.0
Armour         | 2 4 |  4.0
Dodging        | 4 6 |  6.4
Stealth        | |  2.4

Action                   |  1- 3 |  4- 6 |  7- 9 || total
-------------------------+-------+-------+-------++-------
Melee: Dagger            |    53 |       |       ||    53
       Rapier            |     4 |     9 |     6 ||    19
 Cast: Flame Tongue      |     5 |     8 |    39 ||    52
       Sticky Flame      |       |     2 |     7 ||     9
       Conjure Flame     |       |     2 |     3 ||     5
       Inner Flame       |       |     3 |     4 ||     7
       Fireball          |       |       |     2 ||     2
  Use: Potion            |     4 |     1 |     3 ||     8
       Scroll            |       |       |     1 ||     1
 Stab: Sleeping          |     1 |       |       ||     1
Armor: Robe              |     6 |     3 |     2 ||    11
Dodge: Dodged            |    31 |     9 |    17 ||    57

Table legend:
 A = Spawn XP
 B = Non-spawn XP
 C = Spawn XP percentage of total XP
 D = Spawn monster count
 E = Non-spawn monster count
 F = Spawn count percentage of total count
 G = Total turns spent on level
                    A         B        C        D         E        F      G
               +---------+---------+-------+---------+---------+-------+---------
         Total |       0 |    4834 |   0.0 |       0 |      39 |   0.0 |   964
               +---------+---------+-------+---------+---------+-------+---------
             D |       0 |    4834 |   0.0 |       0 |      39 |   0.0 |   964
               +---------+---------+-------+---------+---------+-------+---------
